 Dungeon Crawl Stone Soup version 0.27.1-37-g7b29ead8ac (console) character file.

Game seed: 4157247144742923424

2518 grimtooth the Fighter (level 9, -5/151 HPs)
             Began as an Ogre Berserker on Nov 5, 2023.
             Was a Priest of Trog.
             Slain by a killer bee (6 damage)
             ... on level 8 of the Dungeon.
             The game lasted 00:18:19 (7162 turns).

grimtooth the Fighter (Ogre Berserker)              Turns: 7162, Time: 00:18:19

Health: -5/151     AC: 24    Str: 27    XL:     9   Next: 54%
Magic:  9/9        EV:  1    Int: 14    God:    Trog [***...]
Gold:   292        SH:  0    Dex:  6    Spells: 8/8 levels left

rFire    . . .     SeeInvis .   a - +8 flail {vorpal, *Slow Str+2 Int+6 Dex-3}
rCold    . . .     Faith    .   (no shield)
rNeg     + + +     Spirit   .   (armour currently unavailable)
rPois    +         Reflect  .   (helmet currently unavailable)
rElec    .         Harm     .   (cloak currently unavailable)
rCorr    .         Rampage  .   (gloves unavailable)
Will     .....     NoTele   +   (boots unavailable)
Stlth    +.........             (no amulet)
HPRegen  0.35/turn              (no ring)
MPRegen  0.11/turn              (no ring)

@: tree-form
A: stationary, stasis, torment immunity, boosted hp, large, unfitting armour,
(tough skin 1)
a: Renounce Religion, Berserk, Trog's Hand


You were on level 8 of the Dungeon.
You worshipped Trog.
Trog was most pleased with you.
You were a tree.
You visited 1 branch of the dungeon, and saw 8 of its levels.

You collected 292 gold pieces.

Inventory:

Hand Weapons
 a - the +8 flail of Modesty (weapon) {vorpal, *Slow Str+2 Int+6 Dex-3}
   (You took it off a goblin on level 4 of the Dungeon)

   It inflicts extra damage upon your enemies.
   Str:       It affects your strength (+2).
   Int:       It affects your intelligence (+6).
   Dex:       It affects your dexterity (-3).
   *Slow:     It may slow you when you take damage.
Missiles
 c - 36 stones (quivered)
 f - 80 sling bullets
 k - 7 javelins
 s - 19 poisoned darts
Armour
 b - a +0 animal skin (melded)
 d - a +0 cloak (melded)
Jewellery
 m - a +6 ring of intelligence
Wands
 l - a wand of iceblast (12)
Scrolls
 e - 3 scrolls of teleportation
 i - a scroll of holy word
 j - a scroll of vulnerability
 o - 2 scrolls of magic mapping {unknown}
 q - a scroll of torment {unknown}
 r - a scroll of fog {unknown}
 t - 2 scrolls of amnesia {unknown}
Potions
 g - 2 potions of flight {unknown}
 h - a potion of haste
 n - a potion of cancellation {unknown}
 u - a potion of lignification
 v - 3 potions of might {unknown}
 w - a potion of heal wounds {unknown}
 x - 2 potions of magic {unknown}
 z - a potion of experience {unknown}


   Skills:
 + Level 10.2 Fighting
 * Level 9.9 Maces & Flails
 - Level 2.6 Dodging


You had 8 spell levels left.
You didn't know any spells.
Your spell library was empty.

Dungeon Overview and Level Annotations

Branches:
Dungeon (8/15)             Temple (0/1) D:6
   Lair: D:8-11

Altars:
Hepliaklqana

Shops:
D:4 =

Annotations:
D:2 Sigmund
D:4 1 runed translucent door, cbfl8's ghost, novice MiDe


Innate Abilities, Weirdness & Mutations

You are a tree.
Your roots penetrate the ground, keeping you stationary.
You cannot be teleported.
You are immune to unholy pain and torment.
Your maximum health is greatly increased.
Your equipment is partially melded.
You are too large for most types of armour.
((You have tough skin. (AC +1)))


Message History

* * * LOW HITPOINT WARNING * * *
You are poisoned.
The killer bee poisons you! The killer bee stings you.
* * * LOW HITPOINT WARNING * * *
You feel better. The killer bee barely misses you.
The killer bee closely misses you.
You barely miss the killer bee.
The killer bee is heavily wounded.
The killer bee closely misses you. The killer bee stings you.
* * * LOW HITPOINT WARNING * * *
You closely miss the killer bee.
The killer bee is heavily wounded.
The killer bee stings you.
* * * LOW HITPOINT WARNING * * *
You are poisoned.
The killer bee poisons you! The killer bee closely misses you.
You hit the killer bee.
The killer bee is severely wounded.
You feel very sick. The killer bee barely misses you.
The killer bee stings you.
* * * LOW HITPOINT WARNING * * *
You feel better. The killer bee stings you.
* * * LOW HITPOINT WARNING * * *
The killer bee stings you!
* * * LOW HITPOINT WARNING * * *
You miss the killer bee.
The killer bee is severely wounded.
The killer bee stings you.
* * * LOW HITPOINT WARNING * * *
The killer bee barely misses you.
You feel better. The killer bee closely misses you. The killer bee stings you!
* * * LOW HITPOINT WARNING * * *
Enter note: - well shit Really quaff the potion of lignification?
You turn into a tree.
Your +0 cloak melds into your body.
Your +0 animal skin melds into your body.
Your roots penetrate the ground.
The killer bee stings you.
* * * LOW HITPOINT WARNING * * *
The killer bee stings you.
You die...

.#..#...##....##
................
<............... ...
..............)# ...
..##...##...).# ...
####+##..)##..)<.# #..
#....#...).#.)....
###..##....#.....+......
...........#.....#......
...?..y.)..#.....#......
# #♣# ##.####..##.#
.##.###†#####†####..# .#
.........#........... ..
.........#...........
.........'...........
.........#.........$.
(........#...........
##..##..####..###...#
#.. #### #..# ...# ...
..... ... .. ......


You could see a killer bee.

Vanquished Creatures
  A centaur zombie (D:6)
  Grinder (D:5)
  Eustachio (D:4)
  2 water moccasins (D:7)
  2 black bears
  A hornet zombie (D:6)
  3 ogres
  A necrophage (D:3)
  A phantom (D:7)
  2 scorpions
  6 killer bees (D:8)
  2 hounds
  2 jellies
  A gnoll shaman (D:6)
  5 orc priests
  2 iguanas (D:4)
  An orc wizard (D:8)
  A hound skeleton (D:4)
  2 howler monkey zombies
  4 gnolls (D:6)
  3 adders
  A shadow imp (D:6)
  A white imp (D:7)
  An adder zombie (D:5)
  5 dart slugs
  16 orcs
  7 bats
  4 endoplasms
  3 giant cockroaches
  7 goblins
  8 hobgoblins
  4 quokkas
  5 ball pythons
  2 frilled lizards (D:1)
  6 kobolds
  A quokka skeleton (D:4)
  5 rats
120 creatures vanquished.

Vanquished Creatures (others)
  An adder skeleton (D:4)
  A hobgoblin (D:4)
  5 plants (D:2)
7 creatures vanquished.

Grand Total: 127 creatures vanquished

Notes
Turn   | Place    | Note
-------+----------+-------------------------------------------
     0 | D:1      | grimtooth the Ogre Berserker began the quest for the Orb.
     0 | D:1      | Reached XP level 1. HP: 24/24 MP: 1/1
   270 | D:1      | Reached XP level 2. HP: 30/32 MP: 2/2
   655 | D:1      | Reached XP level 3. HP: 38/40 MP: 3/3
   786 | D:1      | Found a faded altar of an unknown god.
  1106 | D:2      | Noticed Sigmund
  1276 | D:3      | Reached ** piety under Trog
  1755 | D:3      | Noticed an ogre
  1811 | D:3      | Killed an ogre
  1812 | D:3      | Reached skill level 5 in Fighting
  1812 | D:3      | Reached XP level 4. HP: 50/50 MP: 4/4
  1812 | D:3      | Reached XP level 5. HP: 57/57 MP: 5/5
  2053 | D:4      | Noticed a black bear
  2143 | D:4      | Found Mihuareq's Jewellery Shop.
  2144 | D:4      | Noticed a necrophage
  2171 | D:3      | Killed a necrophage
  2172 | D:3      | Reached skill level 6 in Fighting
  2172 | D:3      | Reached skill level 5 in Maces & Flails
  2172 | D:3      | Reached XP level 6. HP: 55/67 MP: 6/6
  2328 | D:4      | Found a runed translucent door.
  2449 | D:4      | Noticed cbfl8's ghost (novice MiDe)
  2613 | D:3      | Killed a black bear
  2853 | D:4      | Identified the +8 flail of Modesty {vorpal, *Slow Str+2
                  | Int+6 Dex-3}
  2961 | D:4      | Reached XP level 7. HP: 70/76 MP: 7/7
  3072 | D:4      | Noticed Eustachio
  3096 | D:4      | Killed Eustachio
  3097 | D:4      | Reached skill level 7 in Fighting
  3752 | D:5      | Entered Level 5 of the Dungeon
  4329 | D:5      | Noticed Grinder
  4348 | D:5      | Killed Grinder
  4349 | D:5      | Reached XP level 8. HP: 58/88 MP: 8/8
  4452 | D:5      | Reached skill level 8 in Fighting
  4802 | D:5      | Reached *** piety under Trog
  4994 | D:6      | Found a staircase to the Ecumenical Temple.
  5040 | D:6      | Reached skill level 9 in Fighting
  5328 | D:6      | Reached XP level 9. HP: 95/98 MP: 9/9
  5740 | D:7      | Found a hazy altar of Hepliaklqana.
  6927 | D:8      | Reached skill level 10 in Fighting
  7160 | D:8      | HP: 4/101 [killer bee (4)]
  7162 | D:8      | - well shit
  7162 | D:8      | HP: 1/151 [killer bee (6)]
  7162 | D:8      | Slain by a killer bee

Illustrated notes

.#..#...##....##
................
<............... ...
..............)# ...
..##...##...).# ...
####+##..)##..)<.# #..
#....#...).#.)....
###..##....#.....+......
...........#.....#......
...?..y.)..#.....#......
# #@# ##.####..##.#
.##.###†#####†####..# .#
.........#........... ..
.........#...........
.........'...........
.........#.........$.
(........#...........
##..##..####..###...#
#.. #### #..# ...# ...
..... ... .. ......


Turn 7162 on D:8: - well shit

Levels and vault maps discovered:
D:1:      pf_arrival_petrified_forest, layout_rooms,
          hellmonk_ecumenical_altar_heavens_door, minivault_26,
          minmay_misc_feat_chi
D:2:      layout_loops_ring, serial_bayou_lagoon_a, uniq_sigmund, uniq_terence
D:3:      layout_rooms
D:4:      layout_cave_pools, serial_shops, nicolae_diamond_shop,
          ebering_ghost_sewer_d, lemuel_old_faithful, uniq_eustachio
D:5:      layout_loops_ring, kennysheep_generic_room_11, uniq_grinder
D:6:      wander_river, layout_cave_pools, minmay_temple_entry_butterflies
D:7:      layout_basic, mainiacjoe_overflow_paths, bh_walls_and_bars
D:8:      layout_gridville, enter_ossuary_4, uniq_maggie

Skill      XL: |  1  2  3  4  5  6  7  8  9 |
---------------+----------------------------+-----
Maces & Flails | 3 4 5 7 8 9 |  9.9
Fighting       | 5 6 7 9 10 | 10.2
Dodging        | |  2.6

Action                   |  1- 3 |  4- 6 |  7- 9 || total
-------------------------+-------+-------+-------++-------
Melee: Mace              |   110 |    66 |       ||   176
       Flail             |       |    14 |   150 ||   164
Throw: Stone             |    37 |    26 |    28 ||    91
       Dart              |       |       |    18 ||    18
Invok: Berserk           |     1 |     2 |       ||     3
       Trog's Hand       |       |       |     2 ||     2
  Use: Scroll            |     4 |     2 |     2 ||     8
       Potion            |       |       |     7 ||     7
Armor: Animal skin       |    40 |    28 |    39 ||   107
Dodge: Dodged            |    61 |    54 |    95 ||   210
